 Dungeon Crawl Stone Soup version 0.29.1-1-gd02db6906a (webtiles) character file.

Game seed: 9416120947775255473

260 Icepheonix32 the Trooper (level 6, -6/56 HPs)
             Began as a Hill Orc Fighter on Sept 19, 2022.
             Killed by nerve-wracking pain
             ... invoked by an orc priest
              (12 damage)
             ... on level 3 of the Dungeon.
             The game lasted 00:02:27 (2744 turns).

Icepheonix32 the Trooper (Hill Orc Fighter)         Turns: 2744, Time: 00:02:28

Health: -6/56      AC:  7    Str: 18    XL:     6   Next: 17%
Magic:  6/6        EV:  9    Int:  7    God:
Gold:   146        SH:  5    Dex: 16    Spells: 5/5 levels left

rFire   . . .      SeeInvis .   q - +4 short sword (holy)
rCold   . . .      Faith    .   c - +0 buckler
rNeg    . . .      Spirit   .   b - +0 scale mail
rPois   .          Reflect  .   (no helmet)
rElec   .          Harm     .   (no cloak)
rCorr   .          Rampage  .   (no gloves)
Will    .....                   (no boots)
Stlth   ..........              (no amulet)
HPRegen 0.18/turn               (no ring)
MPRegen 0.10/turn               (no ring)

@: brilliant, hasted, very quick
A: agile 1, evolution 1
a: Convert to Beogh


You were on level 3 of the Dungeon.
You visited 1 branch of the dungeon, and saw 3 of its levels.

You collected 146 gold pieces.

Inventory:

Hand Weapons
 a - a +0 war axe
 h - a +0 vampiric whip
 q - a +4 short sword of holy wrath (weapon)
Armour
 b - a +0 scale mail (worn)
 c - a +0 buckler (worn)
Scrolls
 g - 2 scrolls of teleportation {unknown}
 j - a scroll of fear {unknown}
 l - a scroll of magic mapping {unknown}
 m - a scroll of enchant weapon {unknown}
 n - a scroll of poison {unknown}
 o - 4 scrolls of identify {unknown}
Potions
 i - a potion of ambrosia {unknown}
 k - 2 potions of heal wounds {unknown}
 p - a potion of berserk rage {unknown}
 r - a potion of curing {unknown}


   Skills:
 * Level 5.0 Fighting
 + Level 1.8 Short Blades
 - Level 2.7(3.1) Axes
 + Level 1.6(2.2) Maces & Flails
 + Level 4.5 Armour
 + Level 1.4 Dodging
 + Level 0.5 Stealth
 + Level 4.1 Shields


You had 5 spell levels left.
You didn't know any spells.
Your spell library contained the following spells:

 Spells                   Type           Power      Damage    Failure   Level
 Static Discharge         Conj/Air       0%         3-3/arc   95%         2
 Dispel Undead            Necr           0%         3d6       100%        4
 Sticky Flame             Conj/Fire      0%         2d3       100%        4


Dungeon Overview and Level Annotations

Branches:
Dungeon (3/15)

Altars:


Innate Abilities, Weirdness & Mutations

You are agile. (Dex +4, Str/Int -1)
You have hidden genetic potential.


Message History

You see here a +0 hand axe.
The orc priest hits you but does no damage.
The orc priest attacks as you move away!
The orc priest hits you but does no damage.
The orc priest mumbles some strange prayers to Beogh against you.
You barely resist.
The orc priest miscasts a cantrip.
The orc priest invokes the aid of Beogh against you.
Beogh smites you!
* * * LOW HITPOINT WARNING * * *
The orc priest mumbles some strange prayers to Beogh against you.
Pain shoots through your body!
* * * LOW HITPOINT WARNING * * *
You hit the orc priest.
The orc priest is lightly wounded.
The orc priest shouts, "Surrender to Beogh and we'll let you live!"
The orc priest shouts, "Join the one true god or die!"
The orc priest hits you with a +0 club.
* * * LOW HITPOINT WARNING * * *
The orc priest hits you but does no damage.
It was a potion of brilliance.
You feel clever all of a sudden.
The orc priest hits you but does no damage.
You hit the orc priest.
The orc priest is moderately wounded.
The orc priest barely misses you.
You barely miss the orc priest.
The orc priest is moderately wounded.
The orc priest threatens, "By the altar or by the axe, you will meet Beogh!"
The orc priest hits you but does no damage.
Unknown command.
It was a potion of mutation.
You feel extremely strange.
You feel a hidden potential growing inside you.
You feel agile.
The orc priest shouts, "Beogh is our master!
Accept the truth or die!"
The orc priest barely misses you.
It was a potion of haste.
You feel yourself speed up.
The orc priest mumbles some strange prayers to Beogh against you.
Pain shoots through your body!
You die...

#.......... #........)......#
#####..........############..##.#
..##...........# ................
..##...........##.##########..#.#
..##............ ... ..#....# #
...#..........###.######.#.##.#
...#..................##.#..#.# #
...####........#.####.##.#..#.#..
...'..)).......o@................
...####........#.##.#######...###
...# ######'#.####.# #...# ...#
####'#......# #...# ...#
#.......##### #...# ....
+.......'# #...# ##### #.......##
##.## .........# #...# .........#
..⌠...


You could see an orc priest.

Vanquished Creatures
  A scorpion (D:3)
  2 orc priests (D:3)
  An iguana (D:3)
  Natasha (twice) (D:3)
  2 adders
  A dart slug (D:1)
  3 orcs (D:3)
  A ball python (D:1)
  6 bats
  3 endoplasms
  2 giant cockroaches (D:2)
  A goblin (D:2)
  4 hobgoblins
  8 kobolds
  5 quokkas
  A frilled lizard (D:2)
  4 rats (D:1)
47 creatures vanquished.

Notes
Turn   | Place    | Note
-------+----------+-------------------------------------------
     0 | D:1      | Icepheonix32 the Hill Orc Fighter began the quest for the
                  | Orb.
     0 | D:1      | Reached XP level 1. HP: 19/19 MP: 1/1
   303 | D:1      | Reached XP level 2. HP: 25/27 MP: 2/2
   441 | D:1      | Reached skill level 4 in Fighting
   844 | D:1      | Reached XP level 3. HP: 33/33 MP: 3/3
  1911 | D:3      | Reached XP level 4. HP: 38/41 MP: 4/4
  2031 | D:3      | Noticed a scorpion
  2048 | D:3      | Killed a scorpion
  2049 | D:3      | Reached skill level 1 in Short Blades
  2049 | D:3      | Reached skill level 1 in Maces & Flails
  2049 | D:3      | Reached XP level 5. HP: 29/47 MP: 5/5
  2207 | D:3      | Reached skill level 1 in Dodging
  2262 | D:3      | Noticed Natasha
  2282 | D:3      | Killed Natasha
  2516 | D:3      | Noticed Natasha
  2528 | D:3      | Killed Natasha
  2529 | D:3      | Reached XP level 6. HP: 24/55 MP: 6/6
  2725 | D:3      | Reached skill level 5 in Fighting
  2743 | D:3      | Gained mutation: You have hidden genetic potential. [potion
                  | of mutation]
  2743 | D:3      | Gained mutation: You are agile. (Dex +4, Str/Int -1)
                  | [potion of mutation]
  2744 | D:3      | Killed from afar by an orc priest

Illustrated notes

Levels and vault maps discovered:
D:1:      eino_arrival_tree_alley, layout_loops_ring, serial_glass,
          glass_columns_c, glass_columns_c
D:2:      layout_basic
D:3:      layout_basic, shapermc_ecumenical_altar_mp_vishouse,
          nicolae_elevator_lobby_plus, uniq_natasha

Skill      XL: |  1  2  3  4  5  6 |
---------------+-------------------+-----
Fighting       | 4 5 |  5.0
Armour         | 4 |  4.5
Short Blades   | 1 |  1.8
Maces & Flails | 1 |  1.6
Shields        | 4 |  4.1
Dodging        | 1 |  1.4
Axes           | |  2.7
Stealth        | |  0.5

Action                   |  1- 3 |  4- 6 || total
-------------------------+-------+-------++-------
Melee: War axe           |    14 |       ||    14
       Whip              |    66 |       ||    66
       Short sword       |    39 |    89 ||   128
  Use: Potion            |       |     4 ||     4
Armor: Scale mail        |    75 |    54 ||   129
Dodge: Dodged            |    51 |    45 ||    96
Block: Buckler           |    31 |    23 ||    54
